 Dungeon Crawl Stone Soup version 0.22.1-2-g9c5b331 (webtiles) character file.

15607 Stepladder the Grappler (level 12, -12/127 HPs)
             Began as a Troll Artificer on Nov 29, 2018.
             Was a Follower of Ru.
             Mangled by a blink frog (14 damage)
             ... on level 2 of the Lair of Beasts on Nov 30, 2018.
             The game lasted 00:59:59 (11506 turns).

Stepladder the Grappler (Troll Artificer)          Turns: 11506, Time: 00:59:59

Health: -12/127    AC:  9    Str: 25    XL:     12   Next: 2%
Magic:  12/12      EV: 14    Int:  8    God:    Ru [*.....]
Gold:   498        SH:  6    Dex: 17    Spells: 11/11 levels left

rFire    + + .     SeeInvis .     - Unarmed
rCold    . . .     Gourm    +   (no shield)
rNeg     . . .     Faith    .   c - +2 robe {rC+ rF+}
rPois    .         Spirit   .   h - +2 hat
rElec    +         Reflect  +   (no cloak)
rCorr    .         Harm     .   (gloves unavailable)
MR       .....     NoTele   +   (boots unavailable)
Stlth    +++.......             L - +6 amulet of reflection
HPRegen  0.71/turn              t - ring of stealth
MPRegen  0.13/turn              D - ring "Jiyn" {Fire -Tele +Fly rElec Dex+6}

@: no status effects
A: large, unfitting armour, claws 3, fast metabolism 3, gourmand, regeneration
1, shaggy fur 1, tough skin 2, no earth magic, no necromancy magic, no
translocations magic
a: Sacrifice Durability, Sacrifice Drink, Sacrifice Resistance, Reject
Sacrifices, Renounce Religion, Evoke Flight


You were on level 2 of the Lair of Beasts.
You worshipped Ru.
Ru was aware of your devotion.
You were very full.

You visited 3 branches of the dungeon, and saw 13 of its levels.

You collected 673 gold pieces.
You spent 175 gold pieces at shops.

Inventory:

Hand Weapons
 H - a +0 blowgun
Missiles
 k - 6 javelins (quivered)
 r - 3 needles of confusion
 F - 13 tomahawks
 K - 11 poisoned needles
Armour
 c - a +2 robe of resistance (worn)
 h - a +2 hat (worn)
Jewellery
 n - an uncursed ring of protection from cold
 t - a ring of stealth (left claw)
 D - the ring "Jiyn" (right claw) {Fire -Tele +Fly rElec Dex+6}
   (You found it on level 6 of the Dungeon)

   [ring of fire]

   It enhances your fire magic.
   It affects your dexterity (+6).
   It protects you from fire.
   It makes you vulnerable to cold.
   It insulates you from electricity.
   It lets you fly.
   It prevents most forms of teleportation.
 E - an uncursed ring of protection from fire
 G - an uncursed ring of positive energy
 L - a +6 amulet of reflection (around neck)
 O - an uncursed ring of protection from fire
Wands
 d - a wand of enslavement (6)
 y - a wand of random effects (21)
 I - a wand of flame (17)
 M - a wand of clouds (5)
Scrolls
 i - a scroll of acquirement {unknown}
 j - 3 scrolls of fog
 m - 6 scrolls of remove curse
 o - 2 scrolls of fear
 s - 5 scrolls of teleportation
 u - a scroll of random uselessness {unknown}
 w - 4 scrolls of amnesia {unknown}
 x - a scroll of immolation {unknown}
 A - 2 scrolls of enchant weapon {unknown}
 B - a scroll of noise {unknown}
 C - a scroll of brand weapon {unknown}
 N - a scroll of torment {unknown}
 P - a scroll of identify
Potions
 a - 2 potions of flight {unknown}
 b - 2 potions of magic
 e - 2 potions of lignification
 g - 2 potions of haste
 l - a potion of resistance {unknown}
 p - 2 potions of might
 q - 7 potions of curing
 v - 4 potions of brilliance
 z - a potion of agility {unknown}
 J - a potion of mutation {unknown}
Comestibles
 f - 21 rations


   Skills:
 - Level 10.5 Fighting
   Level 0.7 Short Blades
 + Level 6.7 Dodging
 - Level 0.3 Stealth
 + Level 12.7 Unarmed Combat
 - Level 2.2 Evocations


You had 11 spell levels left.
You didn't know any spells.
Your spell library was empty.

Dungeon Overview and Level Annotations

Branches:
Dungeon (9/15)             Temple (1/1) D:6            Lair (3/6) D:9
  Snake (0/4) Lair:2
  Swamp: Lair:2-4    Shoals: Lair:2-4       Orc: D:9-12

Altars:
Ashenzari
Cheibriados
Dithmenos
Elyvilon
Fedhas
Gozag
Hepliaklqana
Kikubaaqudgha
Makhleb
Nemelex Xobeh
Okawaru
Qazlal
Ru
Sif Muna
Trog
Uskayaw
Vehumet
Wu Jian
Xom
Yredelemnul
The Shining One

Shops:
D:4 *   D:7 *

Annotations:
D:2 Sigmund
D:7 exclusion: door
Lair:2 1 runed door, cotteux's ghost, journeyman GrBe
Lair:3 1 runed door, cotteux's ghost, journeyman GrBe


Innate Abilities, Weirdness & Mutations

You are too large for most types of armour.
You have claws for hands.
Your metabolism is lightning-fast.
You like to eat raw meat.
Your natural rate of healing is unusually fast.
You are covered in fur. (AC +1)
You have very tough skin. (AC +2)
You cannot study or cast Earth magic.
You cannot study or cast Necromancy magic.
You cannot study or cast Translocations magic.


Message History

* * * LOW HITPOINT WARNING * * *
You smack the blink frog!
The blink frog is almost dead.
The blink frog hits you but does no damage.
You block the blink frog's attack.
You closely miss the blink frog.
The blink frog is almost dead.
You feel less wooden.
Your +2 hat unmelds from your body.
Your +2 robe of resistance unmelds from your body.
You feel resistant to extremes of temperature.
The blink frog blinks!
You see here a spiny frog corpse.
The blink frog begins to attack, but is stunned by your will!
You scratch the blink frog.
The blink frog is almost dead.
The blink frog hits you!
* * * LOW HITPOINT WARNING * * *
The blink frog hits you!
You die...

.................................
...P............(...(............
......................##...#P....
..............†......#...........
≈......P+#######.....+..###......
......##.##.####†......##⌠##.....
......P#......#.......##...##....
..............##F....##..!..##...
...#..#####.####@....+...♣!.⌠#...
.......##.##.#P#.....##..%..##...
...#..................##..W##....
...#...................##⌠##.....
P.#.....................###......
........[........>...............
.................................
.................................
.##...........>..................


You could see a blink frog.

Vanquished Creatures
  Gastronok (Lair:2)
  Erica (Lair:2)
  4 death yaks (D:9)
  A rime drake (Lair:2)
  9 spiny frogs
  2 komodo dragons
  A centaur skeleton (D:9)
  Grinder (D:5)
  A polar bear (Lair:2)
  4 blink frogs (Lair:2)
  A hippogriff (Lair:1)
  A spriggan (D:7)
  2 yaks
  A basilisk (Lair:1)
  3 nagas (Lair:2)
  Edmund (D:4)
  4 water moccasins
  3 porcupines (Lair:1)
  4 orc warriors
  A black bear (Lair:2)
  A sky beast (D:7)
  3 ogres
  12 wolves
  A phantom (D:9)
  4 centaurs
  4 crocodiles
  A big kobold (D:9)
  4 bullfrogs
  7 wights
  2 howler monkeys
  2 crimson imps
  A bullfrog zombie (D:5)
  A human zombie (D:7)
  A hound (D:6)
  A bullfrog skeleton (D:6)
  An iguana (D:7)
  5 orc priests
  Ijyb (D:2)
  7 orc wizards
  6 worker ants
  7 adders
  3 gnolls (D:3)
  A shadow imp (D:6)
  2 oozes
  An adder zombie (D:6)
  An adder skeleton (D:4)
  5 worms
  A dart slug (D:3)
  3 leopard geckos
  28 orcs
  A ball python (D:2)
  4 giant cockroaches
  8 goblins
  9 hobgoblins
  6 jackals
  2 quokkas
  5 bats
  4 frilled lizards
  6 kobolds
  2 quokka skeletons
  3 rats
  2 plants (Lair:2)
215 creatures vanquished.

Vanquished Creatures (collateral kills)
  An orc wizard (D:9)
  An orc (D:3)
  A kobold (D:3)
3 creatures vanquished.

Vanquished Creatures (others)
  A death yak (D:9)
  An orc priest (D:3)
  A gnoll (D:3)
  5 fungi
  A plant (Lair:2)
9 creatures vanquished.

Grand Total: 227 creatures vanquished

Notes
Turn   | Place    | Note
-------+----------+-------------------------------------------
     0 | D:1      | Stepladder the Troll Artificer began the quest for the Orb.
     0 | D:1      | Reached XP level 1. HP: 18/18 MP: 1/1
   101 | D:1      | Reached skill level 1 in Fighting
   101 | D:1      | Reached XP level 2. HP: 26/27 MP: 2/2
   166 | D:1      | Reached skill level 1 in Unarmed Combat
   644 | D:2      | Found an ornate altar of the Wu Jian Council.
   732 | D:2      | Reached XP level 3. HP: 25/33 MP: 3/3
   757 | D:2      | Found a faded altar of an unknown god.
   813 | D:2      | You fall through a shaft for 2 floors!
   817 | D:4      | Reached skill level 2 in Unarmed Combat
   950 | D:3      | Reached XP level 4. HP: 32/41 MP: 4/4
  1133 | D:2      | Noticed Ijyb
  1226 | D:2      | Killed Ijyb
  1226 | D:2      | Reached skill level 3 in Unarmed Combat
  1593 | D:2      | Noticed Sigmund
  1799 | D:3      | Reached XP level 5. HP: 49/49 MP: 5/5
  2329 | D:4      | Found Efag Iramo's Assorted Antiques.
  2350 | D:4      | Bought a scratched jade ring for 125 gold pieces
  2355 | D:4      | Noticed an ogre
  3099 | D:4      | Reached XP level 6. HP: 47/59 MP: 6/6
  3238 | D:4      | Found a white marble altar of Elyvilon.
  3290 | D:4      | Reached skill level 4 in Unarmed Combat
  3414 | D:4      | Bought a scroll of identify for 50 gold pieces
  3466 | D:4      | Noticed Edmund
  3483 | D:4      | Killed Edmund
  3872 | D:4      | Reached XP level 7. HP: 63/67 MP: 7/7
  3985 | D:5      | Entered Level 5 of the Dungeon
  4069 | D:5      | Noticed Grinder
  4599 | D:6      | Reached skill level 5 in Unarmed Combat
  4784 | D:6      | Got a transparent bone ring
  4786 | D:6      | Identified the ring "Jiyn" {Fire -Tele +Fly rElec Dex+6}
                  | (You found it on level 6 of the Dungeon)
  4788 | D:6      | Noticed a seven-headed hydra
  4885 | D:6      | Reached XP level 8. HP: 69/78 MP: 8/8
  4931 | D:5      | Paralysed by Grinder for 4 turns
  5482 | D:6      | Reached skill level 6 in Unarmed Combat
  5772 | D:5      | Paralysed by Grinder for 6 turns
  5791 | D:5      | Killed Grinder
  5791 | D:5      | Reached skill level 5 in Dodging
  5832 | D:6      | Reached skill level 5 in Fighting
  5905 | D:6      | Found a staircase to the Ecumenical Temple.
  5932 | Temple   | Entered the Ecumenical Temple
  6045 | Temple   | Became a worshipper of Ru the Awakened
  6553 | D:7      | Reached XP level 9. HP: 60/88 MP: 9/9
  6560 | D:7      | Reached skill level 7 in Unarmed Combat
  6735 | D:7      | Found Pimaapt's Assorted Antiques.
  6776 | D:7      | Found a runed door.
  6779 | D:7      | Found a basalt altar of Yredelemnul.
  7506 | D:8      | Found an opulent altar of Gozag.
  7506 | D:8      | Found a radiant altar of Vehumet.
  7612 | D:8      | Gained mutation: You cannot study or cast Earth magic. [Ru
                  | sacrifice]
  7612 | D:8      | Gained mutation: You cannot study or cast Necromancy magic.
                  | [Ru sacrifice]
  7612 | D:8      | Gained mutation: You cannot study or cast Translocations
                  | magic. [Ru sacrifice]
  7612 | D:8      | Reached * piety under Ru
  8111 | D:9      | Reached skill level 8 in Unarmed Combat
  8188 | D:9      | Noticed a death yak
  8188 | D:9      | Noticed a death yak
  8210 | D:9      | Killed a death yak
  8244 | D:9      | Noticed a death yak
  8244 | D:9      | Noticed a death yak
  8257 | D:9      | Noticed a death yak
  8275 | D:9      | Killed a death yak
  8275 | D:9      | Reached skill level 9 in Unarmed Combat
  8275 | D:9      | Reached XP level 10. HP: 92/102 MP: 10/10
  8301 | D:9      | Killed a death yak
  8434 | D:9      | Killed a death yak
  8592 | D:9      | Killed a death yak
  8592 | D:9      | Reached skill level 10 in Unarmed Combat
  8725 | D:9      | Found a staircase to the Lair.
  9134 | Lair:1   | Entered Level 1 of the Lair of Beasts
  9134 | Lair:1   | Noticed a spiny frog
  9141 | Lair:1   | Killed a spiny frog
  9452 | Lair:1   | Noticed a spiny frog
  9458 | Lair:1   | Killed a spiny frog
  9469 | Lair:1   | Reached XP level 11. HP: 70/115 MP: 11/11
  9585 | Lair:1   | Reached skill level 11 in Unarmed Combat
 10159 | Lair:2   | Found a runed door.
 10164 | Lair:2   | Noticed cotteux's ghost (journeyman GrBe)
 10195 | Lair:2   | Noticed Erica
 10206 | Lair:2   | Killed Erica
 10331 | Lair:2   | Noticed Gastronok
 10332 | Lair:2   | Reached skill level 10 in Fighting
 10383 | Lair:2   | Killed Gastronok
 10383 | Lair:2   | Reached skill level 12 in Unarmed Combat
 10788 | Lair:2   | Found a staircase to the Snake Pit.
 11299 | Lair:3   | Found a runed door.
 11301 | Lair:3   | Noticed cotteux's ghost (journeyman GrBe)
 11485 | Lair:2   | Reached XP level 12. HP: 18/127 MP: 12/12
 11506 | Lair:2   | HP: 2/127 [blink frog (10)]
 11506 | Lair:2   | Mangled by a blink frog

Skill      XL: |  1  2  3  4  5  6  7  8  9 10 11 |
---------------+----------------------------------+-----
Fighting       | 1 2 3 4 5 7 9 10 | 10.5
Unarmed Combat | 1 2 3 4 5 6 9 10 12 | 12.7
Dodging        | 2 3 4 5 6 |  6.7
Short Blades   | |  0.7
Stealth        | |  0.3
Evocations     | |  2.2

Action                   |  1- 3 |  4- 6 |  7- 9 | 10-12 || total
-------------------------+-------+-------+-------+-------++-------
Melee: Unarmed           |    85 |   154 |   287 |   246 ||   772
       Punch             |       |     2 |    11 |    26 ||    39
 Fire: Blowgun           |       |       |     9 |       ||     9
Throw: Stone             |       |       |    11 |       ||    11
       Javelin           |       |       |     6 |       ||     6
Invok: Sacrifice Arcana  |       |       |     1 |       ||     1
Evoke: Wand              |     8 |    16 |    18 |    37 ||    79
  Use: Potion            |       |     1 |       |     4 ||     5
       Scroll            |       |     7 |     6 |       ||    13
 Stab: Sleeping          |       |     1 |     6 |     3 ||    10
       Distracted        |       |     1 |     2 |     2 ||     5
  Eat: Chunk             |    14 |    24 |    43 |    29 ||   110
Armor: Robe              |    24 |    37 |    68 |    23 ||   152
       Skin              |       |       |       |     6 ||     6
Dodge: Dodged            |    39 |    62 |   155 |    98 ||   354
Block: Other             |       |       |     2 |    58 ||    60
